AoeStats
← 梦庄周

Black Forest

508163446Analyzed
4v4 RM · 10d ago on Sep 21, 2026· 63m 16s· 8 players
Game mode
Random Map
Map size
Large (8 player)
Population
200
Speed
Normal
Resources
Standard
Victory
Conquest
Starting age
Dark Age
Ending age
Imperial Age
RankedLock teamsTeams togetherTeam positionsShared explorationLock speedFull tech treeHidden civsTurbo modeCheats
Victory
Defeat
🇨🇳 Romans · China
1129
+17
🇨🇳 Lithuanians · China
1118
+17
🇨🇳 Cumans · China
1116
+17
🇨🇳 Bohemians · China
1094
+18
🇺🇸 Burmese · United States
1223
-20
🇨🇳 Mongols · China
1175
-19
🇺🇸 Italians · United States
1104
-16
🇲🇽 Britons · Mexico
1074
-14
家恒
7:32 Loom
12:07 Feudal Age
12:32 Double-Bit Axe
13:50 Fishing Lines
17:58 Castle Age
19:46 Bow Saw
22:41 Wheelbarrow
24:01 Pikeman
30:31 Imperial Age
31:10 Squires
30:56 Arson
31:28 Halberdier
32:56 Horse Collar
33:35 Hand Cart
34:57 Heavy Plow
35:36 Forging
36:18 Conscription
40:14 Iron Casting
39:39 Scale Mail Armor
39:52 Scale Mail Armor
39:26 Elite Hussite Wagon
42:26 Chemistry
41:46 Ballistics
41:32 Siege Engineers
41:09 Treadmill Crane
46:24 Town Watch
47:15 Light Cavalry
47:56 Husbandry
52:33 Blast Furnace
51:55 Chain Mail Armor
51:57 Masonry
51:34 Arrowslits
51:45 Murder Holes
52:00 Fortified Wall
52:33 Fletching
52:44 Padded Archer Armor
52:34 Houfnice
62:35 Two-Man Saw
64:08 Plate Mail Armor
63:44 Scale Barding Armor
IceFish
0:31 Loom
13:46 Feudal Age
14:28 Double-Bit Axe
14:44 Horse Collar
20:14 Castle Age
19:42 Fletching
21:06 Bow Saw
20:59 Heavy Plow
22:28 Wheelbarrow
25:24 Hand Cart
26:23 Town Watch
27:39 Ballistics
33:08 Imperial Age
30:14 Man-at-Arms
30:55 Squires
30:59 Bodkin Arrow
31:25 Fortified Wall
32:19 Caravan
32:33 Forging
32:24 Scale Mail Armor
31:46 Long Swordsman
34:01 Iron Casting
33:42 Chain Mail Armor
34:42 Conscription
33:46 Capped Ram
35:59 Blast Furnace
36:26 Siege Engineers
36:07 Siege Ram
36:59 Legionary
38:28 Heavy Scorpion
39:18 Ballistas
38:44 Pikeman
39:45 Halberdier
44:38 Comitatenses
46:37 Chemistry
45:48 Masonry
BIGSHARK
11:00 Feudal Age
11:27 Man-at-Arms
12:07 Double-Bit Axe
14:05 Scale Mail Armor
21:11 Forging
26:37 Castle Age
52:32 Horse Collar
54:45 Wheelbarrow
61:20 Hand Cart
61:31 Bow Saw
64:17 Imperial Age
62:50 Gold Mining
63:26 Heavy Plow
63:16 Pikeman
梦庄周
8:10 Loom
11:05 Feudal Age
15:01 Castle Age
13:07 Double-Bit Axe
13:06 Horse Collar
16:36 Bow Saw
19:38 Heavy Plow
20:49 Wheelbarrow
22:53 Hand Cart
22:40 Stone Mining
22:41 Gold Mining
25:11 Stone Shaft Mining
28:38 Imperial Age
28:29 Coinage
28:00 Caravan
28:22 Scale Barding Armor
28:28 Forging
28:02 Treadmill Crane
28:20 Murder Holes
28:45 Ballistics
28:38 Town Watch
29:09 Bloodlines
28:59 Husbandry
30:25 Two-Man Saw
29:59 Crop Rotation
29:53 Chain Barding Armor
30:11 Banking
30:28 Conscription
31:17 Chemistry
31:03 Iron Casting
30:15 Cavalier
32:02 Paladin
33:26 Plate Barding Armor
34:59 Guilds
37:16 Elite Skirmisher
38:03 Thumb Ring
37:53 Fletching
38:04 Padded Archer Armor
39:38 Bodkin Arrow
39:59 Leather Archer Armor
41:35 Tower Shields
43:28 Bracer
44:11 Ring Archer Armor
CreasingCloth35
11:13 Feudal Age
11:40 Double-Bit Axe
15:22 Castle Age
13:42 Horse Collar
16:57 Bow Saw
20:11 Heavy Plow
22:36 Wheelbarrow
22:44 Stone Mining
23:52 Gold Mining
28:41 Imperial Age
26:26 Fletching
26:37 Padded Archer Armor
27:41 Bodkin Arrow
28:04 Leather Archer Armor
28:43 Hand Cart
28:46 Thumb Ring
29:58 Ballistics
30:38 Chemistry
29:42 Bracer
30:13 Ring Archer Armor
30:24 Conscription
30:33 Scale Barding Armor
30:39 Forging
31:00 Elite Genoese Crossbowman
31:41 Light Cavalry
32:34 Bloodlines
32:27 Husbandry
32:40 Husbandry
33:05 Chain Barding Armor
33:03 Hussar
34:52 Two-Man Saw
34:32 Iron Casting
42:47 Plate Barding Armor
43:12 Blast Furnace
46:04 Loom
Lord_Hakim
6:14 Loom
17:03 Feudal Age
18:21 Wheelbarrow
17:32 Town Watch
17:36 Double-Bit Axe
23:38 Castle Age
22:08 Fletching
25:15 Bow Saw
26:04 Murder Holes
26:31 Ballistics
29:48 Bodkin Arrow
30:29 Town Patrol
32:00 Horse Collar
35:48 Hand Cart
36:42 Padded Archer Armor
38:19 Yeomen
42:07 Pikeman
42:48 Squires
42:56 Scale Mail Armor
57:09 Imperial Age
56:48 Crossbowman
57:53 Leather Archer Armor
59:40 Bracer
60:10 Ring Archer Armor
59:12 Arbalester
Returned_Legend
6:34 Loom
12:10 Feudal Age
17:07 Castle Age
15:05 Horse Collar
16:58 Gold Mining
17:22 Forging
18:38 Iron Casting
19:48 Gold Shaft Mining
19:31 Husbandry
20:48 Bloodlines
22:40 Scale Barding Armor
27:39 Chain Barding Armor
31:19 Wheelbarrow
32:46 Hand Cart
35:40 Imperial Age
34:39 Caravan
34:19 Pikeman
35:14 Man-at-Arms
35:40 Gambesons
35:56 Squires
36:21 Arson
37:12 Scale Mail Armor
38:13 Blast Furnace
36:52 Halberdier
38:39 Conscription
39:27 Chain Mail Armor
40:41 Long Swordsman
42:09 Plate Mail Armor
41:17 Two-Handed Swordsman
42:15 Champion
42:53 Capped Ram
43:54 Onager
44:53 Fletching
46:47 Masonry
46:33 Murder Holes
46:59 Ballistics
47:40 Chemistry
46:35 Treadmill Crane
50:27 Architecture
52:44 Cavalier
52:47 Light Cavalry
54:16 Plate Barding Armor
53:38 Bodkin Arrow
54:33 Hussar
57:31 Coinage
乌兰巴托
0:48 Loom
12:03 Feudal Age
16:50 Castle Age
24:55 Double-Bit Axe
31:13 Bow Saw
30:45 Horse Collar
33:34 Fletching
33:45 Padded Archer Armor
34:56 Fishing Lines
38:02 Thumb Ring
37:57 Bodkin Arrow
38:18 Leather Archer Armor
39:19 Gold Mining
39:20 Stone Mining
39:37 Heavy Plow
40:01 Bloodlines
39:51 Husbandry
40:41 Wheelbarrow
39:57 Elite Skirmisher
44:59 Imperial Age
43:20 Ballistics
43:18 Hand Cart
43:41 Gold Shaft Mining
43:44 Stone Shaft Mining
43:16 Caravan
43:53 Nomads
45:45 Bracer
46:48 Chemistry
45:16 Elite Mangudai
47:05 Parthian Tactics
47:55 Husbandry
49:26 Conscription
51:01 Siege Engineers
52:33 Heavy Camel Rider
53:34 Forging
53:30 Scale Barding Armor
54:07 Drill
54:35 Onager
56:51 Nomads
56:18 Siege Onager
56:18 Capped Ram
57:38 Arson
57:54 Squires
58:29 Siege Ram
60:32 Light Cavalry
Connection lost

Rejoining the realm…

Still unreachable

The connection could not be restored.

Session expired

The server has moved on; the page needs a fresh start.